 Dungeon Crawl Stone Soup version 0.28.0-53-g5a82cb258f (webtiles) character file.

Game seed: 9029671522444727805

5296 Peloso the Carver (level 10, -10/88 HPs)
             Began as a Minotaur Fighter on June 15, 2022.
             Was an Elder of Okawaru.
             Mangled by a boulder beetle (19 damage)
             ... on level 7 of the Dungeon.
             The game lasted 00:16:06 (8921 turns).

Peloso the Carver (Minotaur Fighter)                Turns: 8921, Time: 00:16:06

Health: -10/88     AC: 15    Str: 23    XL:     10   Next: 37%
Magic:  8/9        EV:  8    Int:  5    God:    Okawaru [****..]
Gold:   583        SH:  5    Dex: 12    Spells: 9/9 levels left

rFire   . . .      SeeInvis .   a - +4 falchion
rCold   + . .      Faith    .   c - +0 buckler
rNeg    + . .      Spirit   .   e - +0 plate armour {rN+}
rPois   +          Reflect  .   (helmet restricted)
rElec   .          Harm     .   (no cloak)
rCorr   .          Rampage  .   (no gloves)
Will    .....                   s - +0 pair of boots
Stlth   ..........              (no amulet)
HPRegen 0.24/turn               o - ring of poison resistance
MPRegen 0.11/turn               r - ring of protection from cold

@: about to teleport
A: horns 2, retaliatory headbutt
a: Renounce Religion, Heroism, Finesse


You were on level 7 of the Dungeon.
You worshipped Okawaru.
Okawaru was greatly pleased with you.
You visited 2 branches of the dungeon, and saw 8 of its levels.

You collected 583 gold pieces.

Inventory:

Hand Weapons
 a - a +4 falchion (weapon)
 b - a +2 short sword of flaming
 y - a +0 hand crossbow
Missiles
 B - 24 bolts
 G - a throwing net (quivered)
Armour
 c - a +0 buckler (worn)
 e - a +0 plate armour of positive energy (worn)
 s - a +0 pair of boots (worn)
Jewellery
 g - a ring of magical power
 o - a ring of poison resistance (left hand)
 r - a ring of protection from cold (right hand)
 w - an amulet of faith
 C - a ring of ice
Wands
 f - a wand of polymorph (6)
Scrolls
 h - a scroll of amnesia {unknown}
 i - 2 scrolls of magic mapping {unknown}
 k - a scroll of enchant armour {unknown}
 l - a scroll of immolation {unknown}
 m - a scroll of fear {unknown}
 v - 2 scrolls of noise
 x - a scroll of teleportation
 A - 3 scrolls of identify
 D - a scroll of torment {unknown}
 E - a scroll of summoning {unknown}
Potions
 d - a potion of might
 j - a potion of resistance
 n - a potion of mutation {unknown}
 p - a potion of curing
 q - a potion of berserk rage {unknown}
 t - 2 potions of ambrosia {unknown}
 u - a potion of heal wounds {unknown}
 z - a potion of flight {unknown}
 F - a potion of attraction {unknown}


   Skills:
 + Level 8.1 Fighting
 + Level 12.3 Long Blades
 + Level 9.7 Armour
 + Level 3.6 Dodging
 + Level 0.5 Stealth
 + Level 7.3 Shields
 + Level 0.6 Invocations


You had 9 spell levels left.
You didn't know any spells.
Your spell library was empty.

Dungeon Overview and Level Annotations

Branches:
Dungeon (7/15)             Temple (1/1) D:4

Altars:
Cheibriados
Dithmenos
Elyvilon
Gozag
Hepliaklqana
Kikubaaqudgha
Makhleb
Okawaru
Ru
Sif Muna
Uskayaw
Vehumet
Wu Jian
Xom
Yredelemnul
Zin
The Shining One
Lugonu

Shops:
D:5 :


Innate Abilities, Weirdness & Mutations

You have a pair of horns on your head.
You reflexively headbutt those who attack you in melee.


Message History

The boulder beetle easily resists.
The boulder beetle leaps!
The boulder beetle curls into a ball and begins rolling!
Aiming: Polymorph
Press: ? - help, Shift-Dir - straight line, f/p - boulder beetle
Aim: a boulder beetle (severely wounded, rolling, will become a spark wasp, an eye of devastation, or a great orb of eyes, chance to affect: 31%)
The boulder beetle easily resists.
Aiming: Polymorph
Press: ? - help, Shift-Dir - straight line, f/p - boulder beetle
Aim: a boulder beetle (severely wounded, rolling, will become a spark wasp, an eye of devastation, or a great orb of eyes, chance to affect: 31%)
The boulder beetle easily resists.
Okay, then.
You barely miss the boulder beetle. You headbutt the boulder beetle!
The boulder beetle is severely wounded.
You feel like a meek peon again.
The boulder beetle hits you but does no damage.
The boulder beetle stops rolling and uncurls.
You completely miss the boulder beetle.
The boulder beetle is severely wounded.
A kobold brigand comes into view.
It is wielding a +0 dagger and quivering poisoned darts.
The kobold brigand shouts!
You hit the boulder beetle.
The boulder beetle is severely wounded.
The boulder beetle closely misses you.
You hit the boulder beetle.
You headbutt the boulder beetle, but do no damage.
The boulder beetle is severely wounded.
The boulder beetle bites you!
* * * LOW HITPOINT WARNING * * *
You feel better. The boulder beetle bites you!!
* * * LOW HITPOINT WARNING * * *
As you read the scroll of teleportation, it crumbles to dust.
You feel strangely unstable. The boulder beetle barely misses you.
You feel better.
The boulder beetle bites you but does no damage.
You hit the boulder beetle but do no damage.
The boulder beetle is severely wounded.
You slash the boulder beetle!
The boulder beetle is almost dead.
The boulder beetle bites you!!
You die...

....#####.....#...≈≈.≈≈..≈≈≈≈....
...##...##...##..♣♣≈♣P≈≈≈♣♣♣♣♣...
#.##.....##)##...♣♣♣♣♣P≈♣♣♣♣♣♣...
#.#.......#.#......♣♣♣P≈≈♣.♣.....
#.'.......#.'.......♣♣.)P♣....###
#.#.......#.#.......#♣≈)≈♣♣####
#.##.....##.##.......♣≈.♣♣
...##...##...##.......÷.# #######
....#####.....#.@......####......
.8...§§....8..#.B....#..##.......
....#####.....#.K...###..........
..)## #.##...##.....# ##)........
#### #..#####.....## ##†........
##...........## ##..........
#............# #...........
#.....(.....## ##...........
#...P.P....## #............


You could see a boulder beetle and a kobold brigand.

Vanquished Creatures
  A troll (D:6)
  Sigmund (D:4)
  A shadow (D:6)
  A steam dragon (D:7)
  2 water moccasins
  2 ice beasts
  2 black bears (D:7)
  3 orc warriors
  3 ogres
  5 sky beasts
  2 centaurs
  A kobold brigand (D:7)
  A phantom (D:4)
  2 bullfrogs (D:7)
  A gnoll sergeant (D:5)
  11 scorpions
  2 water moccasin skeletons (D:4)
  7 wights (D:7)
  11 killer bees
  A howler monkey (D:7)
  An electric eel (D:7)
  3 jellies
  2 orc priests (D:7)
  A centaur skeleton (D:5)
  A gnoll shaman (D:5)
  2 hounds
  6 bullfrog skeletons
  6 orc wizards
  A killer bee zombie (D:7)
  2 hound skeletons (D:4)
  13 gnolls
  2 howler monkey skeletons
  5 adders
  2 shadow imps (D:6)
  2 white imps (D:7)
  An ufetubus (D:5)
  An adder skeleton (D:4)
  2 worms
  2 dart slugs (D:1)
  32 orcs
  4 bats
  6 endoplasms
  6 giant cockroaches
  5 hobgoblins
  3 iguanas
  4 jackals (D:1)
  3 quokkas
  4 ball pythons
  3 frilled lizards
  8 goblins
  10 kobolds
  5 rats
  A butterfly (D:5)
209 creatures vanquished.

Vanquished Creatures (others)
  A demonic plant (Temple)
  8 fungi (D:3)
  11 plants (D:7)
  5 withered plants (D:3)
25 creatures vanquished.

Grand Total: 234 creatures vanquished

Notes
Turn   | Place    | Note
-------+----------+-------------------------------------------
     0 | D:1      | Peloso the Minotaur Fighter began the quest for the Orb.
     0 | D:1      | Reached XP level 1. HP: 19/19 MP: 0/0
   136 | D:1      | Reached XP level 2. HP: 22/27 MP: 1/1
   745 | D:1      | Reached XP level 3. HP: 32/33 MP: 2/2
  1091 | D:2      | Reached skill level 3 in Long Blades
  1297 | D:2      | Found a faded altar of an unknown god.
  1720 | D:3      | Reached XP level 4. HP: 35/40 MP: 3/3
  1827 | D:3      | Found an ancient bone altar of Kikubaaqudgha.
  1968 | D:3      | Found a white marble altar of Elyvilon.
  2230 | D:3      | Reached skill level 4 in Long Blades
  2246 | D:3      | Reached XP level 5. HP: 31/46 MP: 4/4
  2726 | D:3      | Reached skill level 5 in Long Blades
  2754 | D:4      | Reached skill level 1 in Dodging
  2754 | D:4      | Reached XP level 6. HP: 39/53 MP: 5/5
  2874 | D:4      | Reached skill level 5 in Armour
  3053 | D:4      | Reached skill level 6 in Long Blades
  3214 | D:4      | Found a staircase to the Ecumenical Temple.
  3232 | Temple   | Entered the Ecumenical Temple
  3316 | Temple   | Became a worshipper of Warmaster Okawaru
  3406 | D:4      | Reached XP level 7. HP: 44/60 MP: 6/6
  3518 | D:4      | Noticed Sigmund
  3533 | D:4      | Killed Sigmund
  3534 | D:4      | Reached skill level 7 in Long Blades
  3534 | D:4      | Reached skill level 5 in Shields
  3915 | D:5      | Entered Level 5 of the Dungeon
  3937 | D:5      | Reached * piety under Okawaru
  3945 | D:5      | Reached skill level 5 in Fighting
  3945 | D:5      | Reached skill level 8 in Long Blades
  4066 | D:5      | Reached XP level 8. HP: 68/68 MP: 7/7
  4256 | D:5      | Found a shimmering altar of Xom.
  4391 | D:5      | Reached skill level 9 in Long Blades
  4744 | D:5      | Found a runed translucent door.
  4746 | D:5      | Found a runed translucent door.
  5234 | D:5      | Found Fubyjoq's Book Boutique.
  5307 | D:5      | Reached ** piety under Okawaru
  5333 | D:5      | Reached skill level 10 in Long Blades
  5333 | D:5      | Reached XP level 9. HP: 50/75 MP: 8/8
  5999 | D:6      | Reached *** piety under Okawaru
  6000 | D:6      | Reached skill level 11 in Long Blades
  6038 | D:6      | Found a radiant altar of Vehumet.
  6193 | D:6      | Noticed a troll
  6201 | D:6      | Killed a troll
  6749 | D:7      | Reached XP level 10. HP: 70/86 MP: 9/9
  6945 | D:7      | Found a burning altar of Makhleb.
  6980 | D:7      | Found a glowing silver altar of Zin.
  7310 | D:7      | Reached skill level 12 in Long Blades
  7945 | D:7      | Reached **** piety under Okawaru
  8176 | D:7      | Noticed a boulder beetle
  8917 | D:7      | HP: 2/88 [boulder beetle (18)]
  8921 | D:7      | Mangled by a boulder beetle

Illustrated notes

Levels and vault maps discovered:
D:1:      lightli_arrival_statuegarden, layout_loops_corners
D:2:      layout_rooms, chequers_ecumenical_altar_island, minmay_misc_feat_five
D:3:      layout_loops_ring, kiku_gazebo_garden_becter,
          mainiacjoe_overflow_boulevard
D:4:      layout_basic, minmay_temple_entry_butterflies, minivault_24,
          uniq_sigmund
D:5:      lemuel_insect_pit, layout_basic, dk_xom_monty_hall, serial_shops,
          kennysheep_mini_moat, lemuel_flame_loot_1
D:6:      layout_rooms, mainiacjoe_overflow_24_doors, st_stairs_13,
          nicolae_sextant, nicolae_underground_beach
D:7:      minmay_octagon_keep, layout_cave_pods, zin_academy,
          lemuel_crystal_altar, serial_bayou, serial_bayou_lagoon_a,
          serial_bayou_shore_b, serial_bayou_crossing, serial_bayou_pond_b
Temple:   kb_corrupted_temple

Skill      XL: |  1  2  3  4  5  6  7  8  9 10 |
---------------+-------------------------------+-----
Fighting       | 4 5 7 8 |  8.1
Armour         | 4 5 6 7 8 9 |  9.7
Shields        | 4 5 6 7 |  7.3
Long Blades    | 3 4 5 6 8 10 11 12 | 12.3
Dodging        | 1 2 3 |  3.6
Stealth        | |  0.5
Invocations    | |  0.6

Action                   |  1- 3 |  4- 6 |  7- 9 | 10-12 || total
-------------------------+-------+-------+-------+-------++-------
Melee: Long sword        |    85 |    52 |       |       ||   137
       Headbutt          |    14 |    22 |    67 |    49 ||   152
       Falchion          |       |    85 |   376 |   178 ||   639
Invok: Heroism           |       |       |     2 |     3 ||     5
Evoke: Wand              |       |       |       |     6 ||     6
  Use: Potion            |     3 |       |       |     2 ||     5
       Scroll            |     2 |       |     3 |     2 ||     7
Armor: Scale mail        |    32 |       |       |       ||    32
       Chain mail        |     6 |    60 |   203 |       ||   269
       Plate armour      |       |       |    24 |    94 ||   118
Dodge: Dodged            |    33 |    37 |   125 |    49 ||   244
Block: Buckler           |    18 |    34 |    70 |    50 ||   172
